 Dungeon Crawl Stone Soup version 0.27.0-1-g7a089689b8 (webtiles) character file.

Game seed: 6499640835602633995

1892 freelancePsychic the Skirmisher (level 8, -1/100 HPs)
             Began as a Demonspawn Artificer on Aug 10, 2021.
             Was an Initiate of Vehumet.
             Slain by a killer bee (6 damage)
             ... on level 8 of the Dungeon.
             The game lasted 00:15:58 (8726 turns).

freelancePsychic the Skirmisher (DsAr)              Turns: 8726, Time: 00:15:58

Health: -1/100     AC: 24    Str: 14    XL:     8   Next: 93%
Magic:  8/8        EV:  2    Int: 20    God:    Vehumet [......]
Gold:   246        SH:  0    Dex: 13    Spells: 2/7 levels left

rFire    + . .     SeeInvis .   o - +1 flail
rCold    + . .     Faith    .   (no shield)
rNeg     + + +     Spirit   .   (armour currently unavailable)
rPois    +         Reflect  .   (helmet currently unavailable)
rElec    +         Harm     .   (cloak currently unavailable)
rCorr    +         Rampage  .   (gloves currently unavailable)
Will     .....     NoTele   +   (boots currently unavailable)
Stlth    ++........             (no amulet)
HPRegen  0.26/turn              j - ring of wizardry
MPRegen  0.11/turn              A - +6 ring of intelligence

@: lethally poisoned (-1 -> -7), tree-form, resistant, attractive
A: stationary, stasis, torment immunity, boosted hp, (yellow scales 2), foul
stench 1, powered by death 2
a: Renounce Religion


You were on level 8 of the Dungeon.
You worshipped Vehumet.
Vehumet was noncommittal.
You were a tree.
You visited 2 branches of the dungeon, and saw 9 of its levels.

You collected 246 gold pieces.

Inventory:

Hand Weapons
 a - a +0 club
 m - a +0 whip
 o - a +1 flail (weapon)
Armour
 b - a +0 leather armour (melded)
 g - a +0 scale mail
 l - a +0 ring mail
 u - a +0 helmet (melded)
 w - a +0 cloak (melded)
Jewellery
 j - a ring of wizardry (left branch)
 s - a ring of magical power
 A - a +6 ring of intelligence (right branch)
Wands
 d - a wand of charming (5)
Scrolls
 c - a scroll of identify {@r1}
 f - a scroll of noise
 i - 2 scrolls of enchant weapon
 k - a scroll of teleportation {@r4}
 n - 2 scrolls of immolation
Potions
 q - a potion of flight {unknown}
 r - a potion of lignification
 x - a potion of haste {@q3}
 z - a potion of ambrosia {unknown}
 B - a potion of mutation {unknown}
Miscellaneous
 e - a piece from Xom's chessboard (6/15)


   Skills:
 + Level 7.2 Fighting
 - Level 5.5 Maces & Flails
 - Level 1.7 Armour
 - Level 0.8 Dodging
 - Level 0.8 Stealth
 + Level 5.9 Necromancy
 + Level 2.9 Earth Magic
 - Level 3.0 Evocations


You had 2 spell levels left.
You knew the following spells:

 Your Spells              Type           Power      Damage    Failure   Level
a - Borgnjor's Vile Clut  Necr/Erth      8%         N/A       32%         5

Your spell library contained the following spells:

 Spells                   Type           Power      Damage    Failure   Level
 Magic Dart               Conj           0%         1d3       8%          1
 Call Imp                 Summ           0%         N/A       12%         2
 Ensorcelled Hibernation  Hex/Ice        0%         N/A       12%         2
 Frozen Ramparts          Ice            0%         1d2       22%         3
 Gell's Gravitas          Tloc           0%         N/A       22%         3
 Mephitic Cloud           Conj/Pois/Air  0%         N/A       22%         3
 Spider Form              Tmut/Pois      0%         N/A       22%         3
 Teleport Other           Tloc           0%         N/A       22%         3
 Ice Form                 Ice/Tmut       0%         N/A       56%         4
 Summon Ice Beast         Ice/Summ       0%         N/A       56%         4
 Alistair's Intoxication  Tmut/Pois      0%         N/A       88%         5
 Dispersal                Tloc           0%         N/A       100%        6
 Eringya's Noxious Bog    Tmut/Pois      0%         N/A       100%        6
 Shadow Creatures         Summ           N/A        N/A       100%        6


Dungeon Overview and Level Annotations

Branches:
Dungeon (8/15)             Temple (1/1) D:6
   Lair: D:8-11

Altars:
Cheibriados
Dithmenos
Elyvilon
Fedhas
Gozag
Hepliaklqana
Kikubaaqudgha
Makhleb
Nemelex Xobeh
Okawaru
Qazlal
Ru
Sif Muna
Trog
Uskayaw
Vehumet
Wu Jian
Xom
Yredelemnul
Zin
The Shining One

Shops:
D:3 !

Annotations:
D:5 Pikel


Innate Abilities, Weirdness & Mutations

You are a tree.
Your roots penetrate the ground, keeping you stationary.
You cannot be teleported.
You are immune to unholy pain and torment.
Your maximum health is greatly increased.
Your equipment is partially melded.
((You are mostly covered in yellow scales. (AC +3)))
You may rarely emit foul miasma when damaged in melee.
You regenerate health from kills.


Message History

You feel sick.
You feel sick.
You feel sick.
You feel sick.
You feel sick.
You are no longer poisoned.
The killer bee buzzes angrily.
The killer bee stings you! The killer bee stings you!
The killer bee stings you. The killer bee closely misses you.
The killer bee stings you.
* * * LOW HITPOINT WARNING * * *
You are poisoned.
The killer bee poisons you!
You feel very sick. The killer bee stings you.
* * * LOW HITPOINT WARNING * * *
You are lethally poisoned!
The killer bee poisons you!
Really quaff the potion of lignification?
You turn into a tree.
Your +0 cloak melds into your body.
Your +0 helmet melds into your body.
Your +0 leather armour melds into your body.
Your roots penetrate the ground.
You feel very sick. The killer bee stings you.
* * * LOW HITPOINT WARNING * * *
The killer bee stings you but does no damage.
You feel protected.
* * * LOW HITPOINT WARNING * * *
You feel very sick. The killer bee barely misses you.
The killer bee stings you.
* * * LOW HITPOINT WARNING * * *
The killer bee stings you but does no damage. x2
It was a potion of attraction.
You feel attractive to monsters.
* * * LOW HITPOINT WARNING * * *
You feel sick.
The killer bee stings you but does no damage. x3
The killer bee stings you.
You die...

..........# #.#......##
#..#..#..####........#
...........##.........#
#####....#.##.######..#
.........#.##.######
######...#.........#
#........)..#.#..
.#######y.#####)......#
.......♣y....####.#.###
$....###..##.# .....
... #..# # ### # #
#..## #...#
...####..#####.
...............
..#####.####### #<.#


You could see 2 killer bees.

Vanquished Creatures
  A water moccasin (D:5)
  A black bear (D:4)
  An ice beast (D:6)
  An ogre (D:5)
  A centaur (D:7)
  A bullfrog (D:8)
  2 scorpions
  A water moccasin skeleton (D:6)
  2 killer bees (D:8)
  A bullfrog zombie (D:3)
  A centaur zombie (D:6)
  A jelly (D:5)
  3 orc priests
  5 hounds
  Jessica (D:2)
  2 iguanas (D:6)
  4 orc wizards
  Natasha (thrice) (D:2)
  A hound skeleton (D:4)
  A howler monkey zombie (D:5)
  Robin (D:3)
  9 gnolls
  8 adders
  A shadow imp (D:7)
  2 ufetubi
  An adder skeleton (D:4)
  2 worms (D:2)
  6 dart slugs
  17 orcs
  9 endoplasms
  2 giant cockroaches
  21 goblins
  14 hobgoblins
  4 jackals (D:2)
  9 kobolds
  9 quokkas
  4 ball pythons
  5 bats
  7 frilled lizards
  2 giant cockroach zombies (D:1)
  8 rats
175 creatures vanquished.

Vanquished Creatures (collateral kills)
  A centaur zombie (D:5)
1 creature vanquished.

Vanquished Creatures (others)
  A gnoll (D:7)
  A plant (D:4)
2 creatures vanquished.

Grand Total: 178 creatures vanquished

Notes
Turn   | Place    | Note
-------+----------+-------------------------------------------
     0 | D:1      | freelancePsychic the Demonspawn Artificer began the quest
                  | for the Orb.
     0 | D:1      | Reached XP level 1. HP: 15/15 MP: 1/1
   519 | D:1      | Reached skill level 1 in Maces & Flails
   519 | D:1      | Gained mutation: You regenerate a little health from kills.
                  | [demonic ancestry]
   519 | D:1      | Reached XP level 2. HP: 17/21 MP: 2/2
  1031 | D:1      | Reached skill level 2 in Fighting
  1073 | D:1      | Found a faded altar of an unknown god.
  1183 | D:1      | Reached XP level 3. HP: 27/27 MP: 3/3
  2536 | D:2      | Noticed Jessica
  2541 | D:2      | Killed Jessica
  2542 | D:2      | Reached skill level 3 in Fighting
  2542 | D:2      | Gained mutation: You regenerate health from kills. [demonic
                  | ancestry]
  2542 | D:2      | Reached XP level 4. HP: 19/35 MP: 4/4
  3238 | D:2      | Noticed Natasha
  3254 | D:2      | Killed Natasha
  3327 | D:2      | Noticed Natasha
  3333 | D:2      | Killed Natasha
  3334 | D:2      | Reached XP level 5. HP: 29/41 MP: 5/5
  3954 | D:2      | Noticed Natasha
  3962 | D:2      | Killed Natasha
  4205 | D:3      | Reached skill level 4 in Fighting
  4323 | D:3      | Noticed Robin
  4376 | D:3      | Killed Robin
  4456 | D:3      | Gained mutation: You may rarely emit foul miasma when
                  | damaged in melee. [demonic ancestry]
  4456 | D:3      | Reached XP level 6. HP: 48/48 MP: 6/6
  4502 | D:3      | Found Ceumiluz's Distillery.
  5325 | D:4      | Reached skill level 1 in Necromancy
  5536 | D:4      | Reached skill level 5 in Fighting
  5536 | D:4      | Gained mutation: You are partially covered in yellow
                  | scales. (AC +2) [demonic ancestry]
  5536 | D:4      | Reached XP level 7. HP: 44/56 MP: 7/7
  5903 | D:5      | Entered Level 5 of the Dungeon
  6598 | D:5      | Reached skill level 5 in Maces & Flails
  6689 | D:5      | Noticed Pikel
  6724 | D:5      | Reached skill level 6 in Fighting
  6724 | D:5      | Gained mutation: You are mostly covered in yellow scales.
                  | (AC +3) [demonic ancestry]
  6724 | D:5      | Reached XP level 8. HP: 23/64 MP: 8/8
  7406 | D:6      | Learned a level 5 spell: Borgnjor's Vile Clutch
  7429 | D:6      | Found a staircase to the Ecumenical Temple.
  7473 | Temple   | Entered the Ecumenical Temple
  7554 | Temple   | Became a worshipper of Vehumet
  7614 | D:6      | Reached skill level 1 in Earth Magic
  7810 | D:6      | Reached skill level 5 in Necromancy
  8452 | D:7      | Noticed a boulder beetle
  8473 | D:7      | HP: 4/97 [centaur (1)]
  8642 | D:8      | Reached skill level 7 in Fighting
  8726 | D:8      | HP: 5/100 [poisoned by a killer bee]
  8726 | D:8      | Slain by a killer bee

Illustrated notes

Levels and vault maps discovered:
D:1:      saegor_arrival_fortress, layout_loops_ring,
          shapermc_ecumenical_altar_mp_urbaneastern
D:2:      layout_loops_ring, uniq_jessica, uniq_natasha
D:3:      minmay_spotlight, layout_basic, serial_shops, nicolae_square_shop,
          minmay_fractal_squares_gapless_5, uniq_robin
D:4:      black_bear_nest_2, layout_loops_ring, guppyfry_early_lair_pool
D:5:      layout_loops_ring, uniq_pikel
D:6:      layout_cave_pods, temple_green
D:7:      layout_layer_cave, minmay_checkerbox
D:8:      layout_basic, enter_bailey_3
Temple:   dpeg_three_leaves_temple

Skill      XL: |  1  2  3  4  5  6  7  8 |
---------------+-------------------------+-----
Maces & Flails | 1 2 3 4 5 |  5.5
Fighting       | 2 3 4 5 6 7 |  7.2
Necromancy     | 2 4 5 |  5.9
Earth Magic    | 2 |  2.9
Armour         | |  1.7
Dodging        | |  0.8
Stealth        | |  0.8
Evocations     | |  3.0

Action                   |  1- 3 |  4- 6 |  7- 9 || total
-------------------------+-------+-------+-------++-------
Melee: Club              |   207 |    42 |       ||   249
       Whip              |       |    45 |       ||    45
       Flail             |       |   247 |   305 ||   552
Evoke: Wand              |     7 |     6 |    12 ||    25
       Piece from Xom's  |       |       |    12 ||    12
  Use: Scroll            |       |     2 |     5 ||     7
       Potion            |       |     2 |    10 ||    12
 Stab: Sleeping          |     1 |       |     1 ||     2
       Petrified         |       |       |     3 ||     3
Armor: Leather armour    |    63 |       |     4 ||    67
       Ring mail         |       |    62 |    55 ||   117
       Scale mail        |       |    86 |   116 ||   202
       Skin              |       |       |    16 ||    16
Dodge: Dodged            |   125 |   179 |   172 ||   476
